Map: Galactic Process LE

Players

Patience - Winner!

  • Race: Protoss Protoss

Neeblet (Neeb)

  • Race: Protoss Protoss

Event: 2016 WCS Global Finals

VOD

Have the link to the VOD?

Description

Time

  • Played on: Oct. 27, 2016, 1:53 p.m.
  • Length: 8:36

All games in this series

Show
View Real Time Build Order
Export as new Build Order

Patience Protoss - Winner!

Build Orders:  

Get SALT Encoding   

  12  0:00  Probe (Chrono Boost)  
  13  0:11  Probe (Chrono Boost)  
  14  0:17  Pylon  
  14  0:22  Probe (Chrono Boost)  
  15  0:35  Probe (Chrono Boost)  
  16  0:36  Gateway  
  16  0:42  Assimilator  
  16  0:45  Probe (Chrono Boost)  
  17  0:50  Assimilator  
  17  0:56  Probe (Chrono Boost)  
  18  1:05  Gateway  
  18  1:06  Probe (Chrono Boost)  
  19  1:17  Probe (Chrono Boost)  
  20  1:23  Cybernetics Core  
  20  1:28  Probe (Chrono Boost)  
  21  1:33  Pylon  
  21  1:38  Probe (Chrono Boost)  
  22  1:49  Probe (Chrono Boost)  
  22  1:51  Warp Gate  
  23  2:00  Adept x2, Mothership Core (Chrono Boost)  
  29  2:11  Pylon  
  29  2:19  Probe (Chrono Boost)  
  30  2:32  Stalker x2, Probe (Chrono Boost)  
  35  2:59  Nexus  
  35  3:06  Probe (Chrono Boost)  
  35  3:18  Probe (Chrono Boost)  
  35  3:19  Robotics Facility  
  33  3:29  Probe (Chrono Boost)  
  33  3:34  Twilight Council  
  34  3:40  Probe (Chrono Boost)  
  35  3:51  Probe (Chrono Boost)  
  35  3:53  Pylon  
  36  4:01  Gateway  
  36  4:02  Probe (Chrono Boost)  
  37  4:08  Sentry  
  39  4:12  Dark Shrine  
  39  4:14  Sentry  
  39  4:16  Probe x2 (Chrono Boost)  
  43  4:18  Observer  
  42  4:27  Probe (Chrono Boost)  
  42  4:29  Probe (Chrono Boost)  
  45  4:39  Warp Prism, Probe (Chrono Boost)  
  45  4:40  Pylon, Probe (Chrono Boost)  
  48  4:50  Probe (Chrono Boost)  
  48  4:51  Probe (Chrono Boost)  
  48  4:52  Blink  
  50  5:00  Assimilator  
  50  5:01  Probe (Chrono Boost)  
  50  5:02  Assimilator  
  50  5:03  Probe (Chrono Boost)  
  52  5:11  Probe (Chrono Boost)  
  52  5:13  Observer  
  54  5:15  Probe (Chrono Boost)  
  55  5:22  Probe (Chrono Boost)  
  55  5:27  Probe (Chrono Boost)  
  57  5:33  Probe (Chrono Boost)  
  57  5:35  Gateway x2  
  58  5:36  Gateway  
  58  5:38  Gateway  
  58  5:39  Probe (Chrono Boost)  
  59  5:45  Probe (Chrono Boost)  
  59  5:47  Dark Templar x2  
  64  5:51  Immortal  
  66  6:13  Nexus  
  66  6:15  Pylon  
  66  6:18  Sentry  
  68  6:19  Pylon  
  68  6:24  Sentry  
  70  6:26  Pylon  
  70  6:28  Immortal  
  70  6:38  Pylon  
  74  6:43  Sentry  
  76  6:48  Stalker x3  
  82  6:56  Stalker x2  
  86  7:01  Stalker  
  88  7:22  Stalker x5  
  96  7:24  Stalker  
  100  7:30  Stalker  
  102  7:52  Stalker x5  
  98  8:08  Stalker  
  98  8:09  Stalker  
  100  8:18  Stalker x5  
Show
View Real Time Build Order
Export as new Build Order

Neeblet Protoss 

Build Orders:  

Get SALT Encoding   

  12  0:00  Probe (Chrono Boost)  
  13  0:11  Probe (Chrono Boost)  
  14  0:17  Pylon  
  14  0:22  Probe (Chrono Boost)  
  15  0:35  Probe (Chrono Boost)  
  16  0:36  Gateway  
  16  0:46  Probe (Chrono Boost)  
  16  0:47  Assimilator  
  17  0:51  Assimilator  
  17  0:56  Probe (Chrono Boost)  
  18  1:05  Gateway  
  18  1:08  Probe (Chrono Boost)  
  20  1:18  Probe (Chrono Boost)  
  20  1:23  Cybernetics Core  
  20  1:29  Probe (Chrono Boost)  
  20  1:31  Pylon  
  21  1:39  Probe (Chrono Boost)  
  22  1:44  Warp Gate  
  22  1:50  Probe (Chrono Boost)  
  23  1:59  Adept x2  
  27  2:07  Pylon, Mothership Core (Chrono Boost)  
  29  2:26  Stalker x2  
  33  2:50  Nexus  
  33  2:56  Probe (Chrono Boost)  
  34  3:00  Pylon  
  34  3:09  Probe (Chrono Boost)  
  34  3:11  Robotics Facility  
  36  3:21  Probe (Chrono Boost)  
  34  3:33  Probe (Chrono Boost)  
  35  3:34  Twilight Council  
  35  3:43  Probe (Chrono Boost)  
  35  3:47  Stalker  
  38  3:50  Pylon  
  38  3:54  Probe (Chrono Boost)  
  39  4:02  Observer, Blink  
  40  4:03  Probe (Chrono Boost)  
  40  4:05  Sentry  
  40  4:06  Probe (Chrono Boost)  
  44  4:12  Adept  
  44  4:16  Probe (Chrono Boost)  
  47  4:18  Probe (Chrono Boost)  
  48  4:28  Immortal, Probe (Chrono Boost)  
  48  4:29  Probe (Chrono Boost)  
  55  4:38  Pylon  
  55  4:40  Probe (Chrono Boost)  
  56  4:46  Probe (Chrono Boost)  
  56  4:52  Probe (Chrono Boost)  
  57  4:58  Probe (Chrono Boost)  
  54  5:02  Assimilator, Sentry  
  54  5:04  Assimilator, Probe (Chrono Boost)  
  54  5:06  Observer  
  57  5:09  Gateway  
  57  5:10  Probe (Chrono Boost)  
  59  5:16  Probe (Chrono Boost)  
  61  5:21  Pylon  
  61  5:22  Probe (Chrono Boost)  
  61  5:24  Stalker  
  61  5:25  Stalker  
  61  5:28  Probe (Chrono Boost)  
  66  5:34  Probe (Chrono Boost)  
  67  5:37  Observer  
  67  5:40  Probe (Chrono Boost)  
  69  5:46  Probe (Chrono Boost)  
  70  5:52  Probe (Chrono Boost), Resonating Glaives  
  70  5:54  Gateway  
  70  5:56  Gateway  
  71  5:57  Gateway  
  71  6:02  Robotics Bay  
  72  6:04  Immortal  
  72  6:05  Probe x2 (Chrono Boost)  
  76  6:16  Pylon  
  76  6:18  Probe (Chrono Boost)  
  78  6:19  Probe (Chrono Boost)  
  78  6:27  Forge  
  78  6:28  Nexus  
  78  6:36  Pylon, Probe x2 (Chrono Boost)  
  80  6:40  Sentry  
  84  6:48  Probe x2 (Chrono Boost)  
  84  6:49  Disruptor  
  84  6:55  Pylon x2  
  84  6:58  Adept x2  
  84  7:01  Adept  
  93  7:07  Pylon  
  93  7:09  Pylon  
  93  7:19  Photon Cannon  
  93  7:20  Disruptor  
  96  7:31  Adept x2  
  96  7:33  Pylon x2  
  100  7:44  Adept, Pylon  
  101  7:48  Probe (Chrono Boost)  
  101  7:50  Probe x2 (Chrono Boost)  
  102  7:51  Disruptor  
  102  7:52  Adept x2  
  104  7:59  Adept x2  
  104  8:02  Probe (Chrono Boost)  
  99  8:09  Sentry  
  99  8:10  Sentry  
  98  8:18  Adept x2  
  82  8:31  Stalker x2  
  82  8:32  Stalker  
  82  8:33  Stalker  
Tags
 
Add a new tag
Caveats
  • Supply blocks, unpowered buildings, or Contaminate may cause inaccurate times.
  • Supply counts are checked every 10 seconds.